 Dungeon Crawl Stone Soup version 0.27-a0-686-gaed091b46b (webtiles) character file.

Game seed: 13843136624961891500

61 sahdkjhfkaj the Chucker (level 3, -3/36 HPs)
             Began as a Troll Hunter on Mar 20, 2021.
             Slain by an orc wizard
             ... wielding a +0 dagger
              (5 damage)
             ... on level 2 of the Dungeon.
             The game lasted 00:00:49 (1234 turns).

sahdkjhfkaj the Chucker (Troll Hunter)              Turns: 1234, Time: 00:00:49

Health: -3/36      AC:  4    Str: 21    XL:     3   Next: 83%
Magic:  2/2        EV:  9    Int:  7    God:
Gold:   102        SH:  0    Dex: 10    Spells: 2/2 levels left

rFire    . . .     SeeInvis .     - Unarmed
rCold    . . .     Faith    .   (no shield)
rNeg     . . .     Spirit   .   b - +0 robe
rPois    .         Reflect  .   (helmet restricted)
rElec    .         Harm     .   (no cloak)
rCorr    .         Rampage  .   (gloves unavailable)
Will     .....                  (boots unavailable)
Stlth    +.........             (no amulet)
HPRegen  1.12/turn              j - ring of flight
MPRegen  0.08/turn              (no ring)

@: confused
A: large, unfitting armour, claws 3, regeneration 1, shaggy fur 1, tough skin 1
a: Evoke Flight


You were on level 2 of the Dungeon.
You visited 1 branch of the dungeon, and saw 3 of its levels.

You collected 102 gold pieces.

Inventory:

Missiles
 c - 5 large rocks
 d - 2 throwing nets
Armour
 b - a +0 robe (worn)
Jewellery
 j - a ring of flight (right claw)
Scrolls
 e - a scroll of enchant armour {unknown}
 f - a scroll of enchant weapon {unknown}
 i - a scroll of magic mapping {unknown}
Potions
 a - a potion of curing {unknown}
 g - a potion of flight {unknown}
 h - a potion of brilliance {unknown}
 k - a potion of degeneration {unknown}


   Skills:
 + Level 2.6 Fighting
 - Level 3.6 Throwing
 - Level 1.5 Dodging
 - Level 0.3 Stealth
 + Level 2.3 Unarmed Combat


You had 2 spell levels left.
You didn't know any spells.
Your spell library contained the following spells:

 Spells                   Type           Power      Damage    Failure   Level
 Confusing Touch          Hex            0%         N/A       80%         3
 Gell's Gravitas          Tloc           0%         N/A       80%         3
 Petrify                  Tmut/Erth      0%         N/A       99%         4
 Metabolic Englaciation   Hex/Ice        0%         N/A       100%        5
 Yara's Violent Unravell  Hex/Tmut       0%         3d3       100%        5


Dungeon Overview and Level Annotations

Branches:
Dungeon (3/15)

Altars:


Innate Abilities, Weirdness & Mutations

You are too large for most types of armour.
You have claws for hands.
Your natural rate of healing is unusually fast.
You are covered in fur. (AC +1)
You have tough skin. (AC +1)


Message History

The dart slug barely misses you.
The orc wizard hits you with a +0 dagger.
The orc hits you with a +0 trident!
The orc wizard hits you but does no damage.
You climb upwards.
There is a stone staircase leading down here.
You closely miss the orc wizard.
The orc wizard hits you with a +0 dagger.
You scratch the orc wizard.
The orc wizard is moderately wounded.
You scratch the orc wizard.
The orc wizard is heavily wounded.
The orc wizard gestures at you while chanting.
You are confused.
You scratch the orc wizard.
The orc wizard is severely wounded.
The orc wizard points at you and mumbles some strange words.
You are more confused.
You're too confused to move!
The orc wizard points at you and mumbles some strange words.
The magic dart hits you.
You claw the orc wizard!
You kill the orc wizard!
Your Unarmed Combat skill increases to level 2!
You bump into the rock wall.
The orc wizard hits you with a +0 dagger.
The orc hits you but does no damage.
You barely miss the orc wizard.
The orc wizard suddenly yells.
The orc wizard gestures at you while chanting.
You are more confused.
The orc hits you from afar with a +0 trident!
You barely miss the orc wizard.
The orc wizard hits you with a +0 dagger.
* * * LOW HITPOINT WARNING * * *
The orc hits you from afar with a +0 trident!
* * * LOW HITPOINT WARNING * * *
You're too confused to move!
The orc wizard hits you with a +0 dagger.
You die...

#........######
#........'....#
#........####.#
#.......<.....# ##
#.........#####
.### #####.....#
...# #.....#
..<#######.##(o###
..............wo@#
.(.#######.##.#####
...# #####........#
...# #..........#.#
#### #..........#.#
# #....(.....#.# #
#............# #
#.........#### #
###########


You could see an orc wizard, a dart slug and an orc.

Vanquished Creatures
  An orc wizard (D:2)
  An adder (D:2)
  A dart slug (D:2)
  A giant cockroach (D:2)
  3 goblins
  2 hobgoblins (D:2)
  5 jackals (D:1)
  2 kobolds
  A quokka (D:2)
  5 bats
  A frilled lizard (D:1)
  A rat (D:2)
24 creatures vanquished.

Notes
Turn   | Place    | Note
-------+----------+-------------------------------------------
     0 | D:1      | sahdkjhfkaj the Troll Hunter began the quest for the Orb.
     0 | D:1      | Reached XP level 1. HP: 19/19 MP: 0/0
   381 | D:1      | Reached skill level 1 in Unarmed Combat
   381 | D:1      | Reached XP level 2. HP: 28/28 MP: 1/1
   938 | D:2      | Reached XP level 3. HP: 35/35 MP: 2/2
  1233 | D:2      | HP: 1/36 [orc/+0 trident (7)]
  1234 | D:2      | Slain by an orc wizard

Illustrated notes

Levels and vault maps discovered:
D:1:      minmay_arrival_three_doors, layout_basic
D:2:      layout_basic, chequers_serial_rivers_micro_d
D:3:      layout_basic, nzn_wu_jian_council_hall,
          gammafunk_temple_overflow_elements, grunt_ministairs_15,
          minmay_unequal, uniq_sigmund

Skill      XL: |  1  2  3 |
---------------+----------+-----
Unarmed Combat | 1 2 |  2.3
Fighting       | 2 |  2.6
Throwing       | |  3.6
Dodging        | |  1.5
Stealth        | |  0.3

Action                   || total
-------------------------++-------
Melee: Unarmed           ||    68
Armor: Robe              ||    39
Dodge: Dodged            ||    36

Table legend: (Time is in decaauts)
 A = Elapsed time spent in this place.
 B = Non-inter-level travel time spent in this place.
 C = Inter-level travel time spent in this place.
 D = Time resting spent in this place.
 E = Time spent auto-exploring this place.
 F = Levels seen in this place.
 G = Mean time per level.
                   A        B        C        D        E       F      G
               +--------+--------+--------+--------+--------+-----+--------+
         Total |   1232 |   1200 |     32 |      0 |   1047 |   3 |  410.7 |
       Dungeon |   1232 |   1200 |     32 |      0 |   1047 |   3 |  410.7 |
               +--------+--------+--------+--------+--------+-----+--------+

Top non-repeatable levels by time:
     D:1: 864 daAuts
     D:2: 364 daAuts
     D:3: 2 daAuts
